 Dungeon Crawl Stone Soup version 0.30.1-4-g462c640d31 (webtiles) character file.

Game seed: 6891827238002377636

21 Mickster the Stinger (level 2, -1/12 (15) HPs)
             Began as a Deep Elf Venom Mage on Aug 15, 2023.
             Engulfed by a cloud of foul pestilence (9 damage)
             ... on level 2 of the Dungeon.
             The game lasted 00:17:23 (1018 turns).

Mickster the Stinger (Deep Elf Venom Mage)          Turns: 1018, Time: 00:17:24

HP:   -1/12 (15)    AC:  2    Str:  5    XL:     2   Next: 65%
MP:   3/8           EV: 12    Int: 19    God:
Gold: 48            SH:  0    Dex: 15    Spells: 2/7 levels left

rFire   . . .        c - +0 short sword
rCold   . . .        (no shield)
rNeg    . . .        a - +0 robe
rPois   .            (no helmet)
rElec   .            (no cloak)
rCorr   .            (no gloves)
SInv    .            (no boots)
Will    .....        (no amulet)
Stlth   ++           (no ring)
HPRegen 0.22/turn    (no ring)
MPRegen 0.11/turn

%: no passive effects
@: lethally poisoned (-1 -> -10), heavily drained
A: no striking features
a: no special abilities


You were on level 2 of the Dungeon.
You visited 1 branch of the dungeon, and saw 2 of its levels.

You collected 48 gold pieces.

Inventory:

Hand Weapons
 c - a +0 short sword (weapon)
 h - a +0 short sword
Missiles
 d - 8 stones
 e - 5 poisoned darts (quivered)
Armour
 a - a +0 robe (worn)
 g - a +0 ring mail
Potions
 b - 2 potions of magic
 f - a potion of might {unknown}
 i - a potion of mutation {unknown}


   Skills:
 + Level 0.2 Fighting
 * Level 0.1 Short Blades
 + Level 2.4 Dodging
 + Level 2.5 Stealth
 + Level 3.4 Spellcasting
 + Level 1.3 Transmutations
 * Level 3.8 Poison Magic


You had 2 spell levels left.
You knew the following spells:

 Your Spells              Type           Power      Damage    Failure   Level
a - Sting                 Tmut/Pois      52%        1d5       4%          1
b - Poisonous Vapours     Pois/Air       20%        N/A       10%         2
c - Cigotuvi's Dreadful   Necr/Pois/Air  16%        N/A       13%         2

Your spell library contained the following spells:

 Spells                   Type           Power      Damage    Failure   Level
 Ignite Poison            Fire/Tmut/Pois 9%         N/A       22%         3
 Mephitic Cloud           Conj/Pois/Air  8%         N/A       26%         3
 Olgreb's Toxic Radiance  Pois           17%        N/A       30%         4
 Freezing Cloud           Conj/Ice/Air   1%         6-21      99%         5


Dungeon Overview and Level Annotations

Branches:
Dungeon (2/15)

Altars:

Annotations:
D:2 Jessica


Message History

You open the door.
There is an open door here.
You open the door.
There is an open door here.
You open the door.
Jessica the Apprentice Sorceress comes into view.
She is wielding a +0 club.
Jessica shouts!
Jessica casts a spell.
Jessica blinks!
There is an open door here.
You hit Jessica but do no damage. Jessica closely misses you.
Casting: Sting (safe; 4% risk of failure)
Confirm with . or Enter, or press ? or * to list all spells.
Aiming: Sting (safe; 4% risk of failure)
Press: ? - help, Shift-Dir - straight line, f - Jessica
Aim: Jessica, wielding a +0 club and wearing a +0 robe (71% to hit)
The sting hits Jessica.
Jessica is poisoned.
Jessica is heavily wounded.
Jessica hits you with a +0 club.
Casting: Sting (safe; 4% risk of failure)
Confirm with . or Enter, or press ? or * to list all spells.
Aiming: Poisonous Vapours (safe; 10% risk of failure)
Press: ? - help, Dir - move target, f/p - Jessica
Aim: Jessica, wielding a +0 club and wearing a +0 robe (severely wounded, poisoned) Poisonous vapours surround Jessica!
Jessica looks even sicker.
Jessica hits you with a +0 club.
Casting: Poisonous Vapours (safe; 10% risk of failure)
Confirm with . or Enter, or press ? or * to list all spells.
A part of your flesh rots into a cloud of miasma!
You feel drained.
Jessica points at you and mumbles some strange words.
You resist with some effort.
Casting: Cigotuvi's Dreadful Rot (safe; 13% risk of failure)
Confirm with . or Enter, or press ? or * to list all spells.
There's already a cloud here!
You hit Jessica.
Jessica is almost dead.
You are engulfed in dark miasma.
You are lethally poisoned!
Ouch! That really hurt!
You die...

##.#.###.# ##..†..## ##*#.#
.......#.# ##..<....## ##.##.#
.#..#....###.........####...#.#
...........'.........'........#
.#.......###.........####.....#
,##..#.### ##.......## ##..#.##
.###.#.# ##.....## #.#...#
....†..# ##<..## ##...##
####.### ##@## ##.## ####.#####
#@# #.# #........# #.# #.#
#.##.###.# *#.#* ##### #.#
#,*#.# #.# **...**##...###.#
*,*#.###.# *,...,##.....##.#
#.##.....# **...*#.......#.#
#........# ##.###.........#
########.###########.......###


You could see Jessica (very poisoned).

Vanquished Creatures
  A worm (D:2)
  A bat (D:1)
  2 endoplasms
  2 giant cockroaches
  A goblin (D:2)
  A hobgoblin (D:2)
  2 jackals (D:2)
  A ball python (D:2)
  2 frilled lizards (D:2)
  4 kobolds
17 creatures vanquished.

Notes
Turn   | Place    | Note
-------+----------+-------------------------------------------
     0 | D:1      | Mickster the Deep Elf Venom Mage began the quest for the
                  | Orb.
     0 | D:1      | Reached XP level 1. HP: 10/10 MP: 6/6
   730 | D:2      | Reached XP level 2. HP: 15/15 MP: 6/8
   929 | D:2      | Learned a level 2 spell: Poisonous Vapours
   987 | D:2      | Learned a level 2 spell: Cigotuvi's Dreadful Rot
  1012 | D:2      | Noticed Jessica
  1018 | D:2      | Engulfed by a cloud of foul pestilence

Illustrated notes

Levels and vault maps discovered:
D:1:      sevenhm_arrival_forest_fort_small_4, layout_loops_corners,
          chequers_jeans, glass_columns_a
D:2:      layout_loops_corners, minmay_three_crescents, uniq_jessica

Action                     || total
---------------------------++-------
  Melee: Short sword       ||    18
   Cast: Sting             ||    30
         Poisonous Vapours ||     2
         Cigotuvi's Dreadf ||     1
    Use: Scroll            ||     3
         Potion            ||     1
 Armour: Robe              ||     3
  Dodge: Dodged            ||    16
